 Dungeon Crawl Stone Soup version 0.25.1-1-g288607f5aa (webtiles) character file.

Game seed: 11907153438912341234

43778 protoss039 the Unseen (level 13, -3/59 HPs)
             Began as a Spriggan Enchanter on July 29, 2020.
             Was a High Priest of Dithmenos.
             Slain by Jorgrun (7 damage)
             ... on level 14 of the Dungeon.
             The game lasted 01:32:32 (19871 turns).

protoss039 the Unseen (Spriggan Enchanter)         Turns: 19871, Time: 01:32:33

Health: -3/59      AC:  9    Str:  4    XL:     13   Next: 92%
Magic:  23/29      EV: 23    Int: 20    God:    Dithmenos [*****.]
Gold:   910        SH:  0    Dex: 24    Spells: 12/35 levels left

rFire    . . .     SeeInvis +   D - +1 dagger (speed)
rCold    . . .     Gourm    .   (shield restricted)
rNeg     . . .     Faith    .   b - +0 troll leather armour
rPois    .         Spirit   .   (helmet restricted)
rElec    .         Reflect  .   K - +0 cloak
rCorr    .         Harm     .   (gloves unavailable)
MR       ++...                  (boots unavailable)
Stlth    ++++++++++             (no amulet)
HPRegen  0.59/turn              a - +4 ring of protection
MPRegen  0.21/turn              o - +6 ring of dexterity

@: confusing touch, about to teleport, grasped by roots, wreathed by umbra,
constricted, very quick
A: very small, unfitting armour, see invisible, herbivore, speed 3, slow
metabolism 2
a: Shadow Step, Shadow Form, Renounce Religion


You were on level 14 of the Dungeon.
You worshipped Dithmenos.
Dithmenos was extremely pleased with you.
You were hungry.

You visited 2 branches of the dungeon, and saw 16 of its levels.
You also visited: Sewer and Bailey.

You collected 910 gold pieces.

Inventory:

Hand Weapons
 D - a +1 dagger of speed (weapon)
Missiles
 H - 8 curare-tipped darts (quivered)
 I - 6 atropa-tipped darts
 J - 16 poisoned darts
Armour
 b - a +0 troll leather armour (worn)
 K - a +0 cloak (worn)
 M - a +0 robe of the Archmagi
Jewellery
 a - a +4 ring of protection (left hand)
 f - an uncursed ring of protection from cold
 h - an uncursed ring of resist corrosion
 o - a +6 ring of dexterity (right hand)
 E - an uncursed ring of wizardry
 R - a +4 ring of evasion {unknown}
Wands
 r - a wand of enslavement (18)
 u - a wand of disintegration (9)
 O - a wand of acid (11)
 P - a wand of polymorph (16)
 Q - a wand of clouds (3)
Scrolls
 c - 6 scrolls of enchant armour
 i - 5 scrolls of fog
 j - 5 scrolls of enchant weapon
 n - 3 scrolls of teleportation
 p - a scroll of silence
 q - 5 scrolls of fear
 s - 6 scrolls of amnesia
 t - 9 scrolls of remove curse
 v - a scroll of holy word
 y - 4 scrolls of blinking
 L - a scroll of magic mapping {unknown}
 N - 2 scrolls of summoning {unknown}
Potions
 e - 3 potions of berserk rage
 g - 8 potions of heal wounds
 k - 13 potions of curing
 l - a potion of stabbing
 m - 2 potions of haste
 w - a potion of resistance
 x - a potion of might {unknown}
 z - 5 potions of brilliance
 A - 4 potions of lignification
 B - a potion of experience {unknown}
 C - a potion of mutation {unknown}
 F - a potion of invisibility
 G - a potion of ambrosia {unknown}
Comestibles
 d - 18 rations


   Skills:
 + Level 2.3 Fighting
 * Level 8.5 Short Blades
 * Level 10.2 Dodging
 + Level 19.0 Stealth
 * Level 11.8 Spellcasting
 * Level 2.0 Conjurations
 + Level 11.3 Hexes
 - Level 2.0 Transmutations
 * Level 3.6 Fire Magic
 - Level 5.0 Ice Magic
 - Level 2.0 Earth Magic
 * Level 8.0 Invocations


You had 12 spell levels left.
You knew the following spells:

 Your Spells              Type           Power        Failure   Level  Hunger
a - Corona                Hex            ######.      1%          1    None
b - Ensorcelled Hibernat  Hex/Ice        #####.       1%          2    None
c - Confusing Touch       Hex            ######..     1%          3    None
d - Tukima's Dance        Hex            ######..     1%          3    None
e - Dazzling Flash        Conj/Hex       #####.       1%          3    None
f - Passwall              Tmut/Erth      ###.....     7%          2    None
g - Invisibility          Hex            ######..     16%         6    ######.
h - Conjure Flame         Conj/Fire      ###.....     10%         3    None

Your spell library contained the following spells:

 Spells                   Type           Power        Failure   Level  Hunger
 Freeze                   Ice            ####         1%          1    None
 Inner Flame              Hex/Fire       #####...     1%          3    None
 Foxfire                  Conj/Fire      ###.         3%          1    None
 Summon Guardian Golem    Hex/Summ       ####....     3%          3    None
 Sandblast                Erth           ###...       4%          1    None
 Frozen Ramparts          Ice            ####..       4%          3    None
 Infusion                 Chrm           ##..         11%         1    None
 Summon Small Mammal      Summ           ##..         11%         1    None
 Ozocubu's Armour         Chrm/Ice       ###.....     11%         3    None
 Stone Arrow              Conj/Erth      ###...       14%         3    None
 Call Imp                 Summ           ##......     16%         2    None
 Hailstorm                Conj/Ice       ####....     24%         4    #......
 Summon Mana Viper        Hex/Summ       ####....     28%         5    ####...
 Call Canine Familiar     Summ           ##......     30%         3    None
 Sticky Flame             Conj/Fire      ###.....     32%         4    #......
 Summon Ice Beast         Ice/Summ       ###.....     36%         4    #......
 Petrify                  Tmut/Erth      ###.....     41%         4    #......
 Fireball                 Conj/Fire      ###.......   65%         5    ####...
 Summon Lightning Spire   Summ/Air       ##......     71%         4    #......
 Lee's Rapid Deconstruct  Erth           ###.......   77%         5    ####...
 Conjure Ball Lightning   Conj/Air       ###.......   100%        6    ######.
 Tornado                  Air            ##........   100%        9    #######


Dungeon Overview and Level Annotations

Branches:
Dungeon (15/15)            Temple (1/1) D:7            Lair (0/6) D:9
    Orc (0/2) D:10         Vaults (0/5) D:13         Depths (0/5) D:15
  Sewer (visited)          Bailey (visited)

Altars:
Ashenzari
Cheibriados
Dithmenos
Elyvilon
Fedhas
Gozag
Hepliaklqana
Kikubaaqudgha
Makhleb
Nemelex Xobeh
Okawaru
Qazlal
Ru
Sif Muna
Trog
Uskayaw
Vehumet
Wu Jian
Xom
Yredelemnul
Zin
The Shining One
Beogh

Shops:
D:10 %   D:12 *

Annotations:
D:3 1 runed translucent door, nikku's ghost, amateur MiBe
D:13 Frances
D:14 Jorgrun


Innate Abilities, Weirdness & Mutations

You are very small and have problems with some larger weapons.
You are too small for most types of armour.
You have supernaturally acute eyesight. (SInv)
You are a herbivore.
You cover ground extremely quickly.
You need to consume almost no food.


Message History

You emit a cloud of dark smoke.
Unknown command.
Unknown command.
Okay, then.
Unknown command.
Okay, then.
As you read the scroll of teleportation, it crumbles to dust.
You feel strangely unstable.
Jorgrun points at you and mumbles some strange words.
Roots burst forth from the earth!
The grasping roots grab you!
* * * LOW HITPOINT WARNING * * *
The grasping roots constrict you!
Unknown command.
You feel much better. The grasping roots constrict you!
Unknown command.
The roots' grasp on you weakens, but your attempt to escape fails.
Jorgrun hits you!
* * * LOW HITPOINT WARNING * * *
You die...

#.(# .# .#..## ##.# #.## #.#
.#..## #..# #.# #.##.'..## #.##
#'######## #..§.>...## ##'####
......(..# #...§§.#(.# #......
.........# #..§§§§§#..# #......
.........# #..§§§§# ..# #......
..^......# #..§§g§# #.##......
.........# #...@.§# ####.'......
.........# #......###....#......
>........####......#>..####......
.........'..+......#.### #......
.........####....<.#.# #......
########## #......'.# #......
#......### #...... ########
#######


You could see Jorgrun.

Vanquished Creatures
  Louise (D:15)
  Harold (D:7)
  A yaktaur captain (D:15)
  3 centaur warriors
  3 two-headed ogres
  A tengu warrior (D:15)
  3 unseen horrors
  2 orc knights
  A wolf spider zombie (D:15)
  6 deep elf magi
  13 ugly things
  3 manticores
  3 cyclopes
  5 gargoyles
  4 kobold demonologists (D:11)
  3 komodo dragons
  A freezing wraith (D:15)
  3 efreet
  A tengu conjurer (D:15)
  6 trolls
  9 slime creatures
  5 hippogriffs
  A centaur simulacrum (D:15)
  7 yaks
  2 shadows
  A vampire (D:11)
  3 wraiths
  A human (D:7)
  2 hungry ghosts
  3 hogs (D:7)
  6 vampire mosquitoes (D:15)
  Menkaure (D:7)
  A porcupine (D:9)
  Duvessa (D:7)
  5 ice beasts
  25 orc warriors
  A hornet zombie (D:13)
  2 phantoms
  A black bear (D:9)
  3 sky beasts
  3 necrophages
  7 ogres
  7 centaurs
  A crocodile (D:9)
  2 big kobolds
  9 bullfrogs
  A wyvern zombie (D:12)
  4 earth elementals (D:10)
  Dowan (D:7)
  A wyvern skeleton (D:12)
  3 scorpions
  4 howler monkeys
  5 centaur zombies
  6 crimson imps
  4 bullfrog zombies
  6 orc priests
  A bullfrog skeleton (D:11)
  9 centaur skeletons
  3 jellies
  9 orc wizards
  A quasit (D:12)
  A hound (D:6)
  7 iguanas
  Ijyb (D:3)
  8 worker ants
  3 hound skeletons
  A worker ant zombie (D:10)
  Robin (D:3)
  18 adders
  4 gnolls (D:6)
  4 river rats (Sewer)
  3 shadow imps
  2 oozes
  An adder zombie (D:6)
  An adder skeleton (D:6)
  2 worms (D:2)
  2 dart slugs
  A leopard gecko (D:2)
  49 orcs
  6 ball pythons
  11 bats
  7 giant cockroaches
  17 goblins
  9 hobgoblins
  2 jackals (D:3)
  28 kobolds
  4 quokkas
  5 frilled lizards
  A jackal skeleton (D:4)
  26 rats
  A butterfly (D:11)
457 creatures vanquished.

Vanquished Creatures (collateral kills)
  An ogre mage (D:13)
  A gargoyle (D:10)
  An ogre (D:4)
  An orc priest (D:10)
  A shadow imp (D:15)
5 creatures vanquished.

Vanquished Creatures (others)
  8 dancing weapons
  2 fungi (D:9)
10 creatures vanquished.

Grand Total: 472 creatures vanquished

Notes
Turn   | Place    | Note
-------+----------+-------------------------------------------
     0 | D:1      | protoss039 the Spriggan Enchanter began the quest for the
                  | Orb.
     0 | D:1      | Reached XP level 1. HP: 9/9 MP: 5/5
   215 | D:1      | Reached XP level 2. HP: 13/13 MP: 6/6
   473 | D:1      | Reached skill level 5 in Stealth
  1204 | D:2      | Reached XP level 3. HP: 15/16 MP: 8/8
  1528 | D:2      | Found a stormy altar of Qazlal.
  1577 | D:2      | Learned a level 2 spell: Ensorcelled Hibernation
  1581 | D:2      | Learned a level 3 spell: Confusing Touch
  1747 | D:2      | Reached XP level 4. HP: 15/21 MP: 2/9
  2485 | D:2      | Learned a level 3 spell: Tukima's Dance
  2490 | D:3      | Noticed Ijyb
  2514 | D:3      | Killed Ijyb
  2514 | D:3      | Reached skill level 6 in Stealth
  2617 | D:3      | Noticed Robin
  2628 | D:3      | Found a runed translucent door.
  2629 | D:3      | Noticed nikku's ghost (amateur MiBe)
  3054 | D:3      | Reached XP level 5. HP: 19/24 MP: 3/11
  3169 | D:3      | Killed Robin
  3702 | D:4      | Noticed a phantom
  3724 | D:4      | Killed a phantom
  3724 | D:4      | Reached skill level 5 in Hexes
  3921 | D:4      | Noticed an ogre
  3943 | D:4      | Killed an ogre
  3943 | D:4      | Reached XP level 6. HP: 12/29 MP: 2/13
  4351 | D:4      | Reached skill level 7 in Stealth
  4351 | D:4      | Reached skill level 1 in Ice Magic
  4834 | D:5      | Entered Level 5 of the Dungeon
  4861 | D:5      | Found a shimmering altar of Xom.
  5144 | D:5      | Reached XP level 7. HP: 32/32 MP: 11/14
  5357 | D:6      | Reached skill level 8 in Stealth
  5600 | D:6      | Reached skill level 9 in Stealth
  6029 | D:6      | Found a glowing drain.
  6068 | Sewer    | Entered a sewer
  6759 | Sewer    | Reached XP level 8. HP: 37/37 MP: 10/16
  7147 | Sewer    | Reached skill level 5 in Spellcasting
  7593 | D:6      | Found a sparkling altar of Nemelex Xobeh.
  7787 | D:6      | Reached skill level 10 in Stealth
  8049 | D:7      | Noticed Menkaure
  8062 | D:7      | Killed Menkaure
  8335 | D:7      | Noticed Duvessa
  8335 | D:7      | Noticed Dowan
  8337 | D:7      | Killed Duvessa
  8337 | D:7      | Reached skill level 1 in Fighting
  8492 | D:7      | Found a staircase to the Ecumenical Temple.
  8493 | D:7      | Noticed Harold
  8499 | Temple   | Entered the Ecumenical Temple
  8663 | Temple   | Became a worshipper of Dithmenos the Shadowed
  8705 | Temple   | Learned a level 3 spell: Dazzling Flash
  8774 | D:7      | Killed Dowan
  8973 | D:7      | Killed Harold
  8973 | D:7      | Reached skill level 5 in Short Blades
  8973 | D:7      | Reached skill level 11 in Stealth
  8973 | D:7      | Reached XP level 9. HP: 41/41 MP: 13/20
  9270 | D:7      | Reached skill level 1 in Invocations
  9281 | D:7      | Reached skill level 12 in Stealth
  9634 | D:7      | Reached skill level 5 in Dodging
  9717 | D:8      | Found a blossoming altar of Fedhas.
  9719 | D:8      | Reached * piety under Dithmenos
  9814 | D:8      | Reached XP level 10. HP: 33/46 MP: 15/22
 10998 | D:9      | Reached skill level 13 in Stealth
 11141 | D:9      | Learned a level 2 spell: Passwall
 11574 | D:9      | Found a staircase to the Lair.
 11919 | D:10     | Entered Level 10 of the Dungeon
 11926 | D:10     | Reached skill level 14 in Stealth
 12135 | D:10     | Reached skill level 1 in Transmutations
 12143 | D:10     | Found a flagged portal.
 12222 | Bailey   | Entered a bailey
 12240 | Bailey   | Reached ** piety under Dithmenos
 12263 | Bailey   | Reached skill level 1 in Earth Magic
 12657 | Bailey   | Reached XP level 11. HP: 47/49 MP: 24/24
 12670 | Bailey   | Noticed an orc knight
 12674 | Bailey   | Killed an orc knight
 12851 | D:10     | Reached skill level 15 in Stealth
 12907 | D:10     | Found a roughly hewn altar of Beogh.
 12907 | D:10     | Noticed an orc knight
 13110 | D:10     | Found Syrghewn's Food Shoppe.
 13257 | D:10     | Noticed an unseen horror
 13259 | D:10     | Killed an unseen horror
 13259 | D:10     | Reached skill level 5 in Invocations
 13518 | D:10     | Reached *** piety under Dithmenos
 13529 | D:10     | Found a staircase to the Orcish Mines.
 13909 | D:10     | Killed an orc knight
 14300 | D:11     | Found a glowing golden altar of the Shining One.
 15031 | D:11     | Reached skill level 16 in Stealth
 15039 | D:11     | Noticed a white ugly thing
 15072 | D:11     | Killed a white ugly thing
 15175 | D:12     | Noticed a deep elf mage
 15177 | D:12     | Noticed a deep elf mage
 15181 | D:12     | Noticed a deep elf mage
 15182 | D:12     | Killed a deep elf mage
 15188 | D:12     | Killed a deep elf mage
 15188 | D:12     | Reached XP level 12. HP: 54/54 MP: 18/26
 15190 | D:12     | Identified Ts'ui Pên's Incunabulum of Forking Paths
 15197 | D:12     | Identified the Volume of Axaxaxas mlö
 15206 | D:12     | Learned a level 6 spell: Invisibility
 15318 | D:12     | Reached skill level 10 in Hexes
 15320 | D:12     | Reached **** piety under Dithmenos
 15365 | D:12     | Noticed a two-headed ogre
 15458 | D:12     | Killed a two-headed ogre
 15585 | D:12     | Reached skill level 10 in Spellcasting
 15801 | D:12     | Found Taatu's Assorted Antiques.
 15863 | D:12     | Identified the Grimoire of Combed Thunderclap
 16079 | D:12     | Learned a level 3 spell: Conjure Flame
 16155 | D:13     | Reached skill level 17 in Stealth
 16321 | D:13     | Noticed a centaur warrior
 16324 | D:13     | Killed a centaur warrior
 16393 | D:13     | Reached skill level 1 in Fire Magic
 16393 | D:13     | Reached skill level 5 in Ice Magic
 16489 | D:13     | Noticed a centaur warrior
 16502 | D:13     | Killed a centaur warrior
 16548 | D:13     | Found a blossoming altar of Fedhas.
 16602 | D:13     | Noticed a two-headed ogre
 16602 | D:13     | Noticed a two-headed ogre
 16606 | D:13     | Noticed an ogre mage
 16762 | D:13     | Killed a two-headed ogre
 16762 | D:13     | Reached skill level 18 in Stealth
 16861 | D:13     | Killed an ogre mage
 16911 | D:13     | Noticed Frances
 16986 | D:13     | Killed a two-headed ogre
 16986 | D:13     | Reached ***** piety under Dithmenos
 17103 | D:12     | Reached XP level 13. HP: 58/58 MP: 23/28
 17216 | D:13     | Found a gate to the Vaults.
 17937 | D:14     | Noticed Jorgrun
 18053 | D:15     | Entered Level 15 of the Dungeon
 18176 | D:15     | Noticed Louise
 18408 | D:15     | Got an ichor-stained trident
 18409 | D:15     | Identified the +1 trident of Cruel Justice {vorpal, rC+}
                  | (You found it on level 15 of the Dungeon)
 18560 | D:15     | Reached skill level 1 in Conjurations
 18892 | D:15     | Killed Louise
 19326 | D:15     | Reached skill level 10 in Dodging
 19335 | D:15     | Reached skill level 19 in Stealth
 19770 | D:15     | Found a staircase to the Depths.
 19871 | D:14     | Slain by Jorgrun

Illustrated notes

Levels and vault maps discovered:
D:1:      nicolae_arrival_memento_mori, layout_basic
D:2:      layout_basic, nicolae_qazlal_general_emergency
D:3:      layout_loops_ring, ebering_ghost_inner_flame, uniq_robin, uniq_ijyb
D:4:      layout_loops_ring, first_ration
D:5:      layout_basic, xom_teletrap_fun
D:6:      layout_loops_corners, old_standard_altar, gup_sewer_entry_glass,
          item_on_display_a
D:7:      layout_basic, minmay_temple_entry_wispy, grunt_livestock,
          uniq_duvessa, uniq_menkaure, uniq_harold
D:8:      layout_basic, fedhas_bush_and_centaur_altar
D:9:      layout_irregular_city, grunt_lair_entry_orc_guard_hut
D:10:     minmay_stone_box, layout_loops_ring, david_orc_5, enter_bailey_3,
          serial_shops, nicolae_shop_stone
D:11:     cheibrodos_helix_gallery, layout_rooms, hangedman_glass_garden,
          statue_in_the_mist_lemuel, nicolae_tso_carved_into_rock
D:12:     layout_rooms, serial_shops, nicolae_shop_overgrown_old_shop,
          bh_hangedman_babel_library
D:13:     layout_loops_ring, david_vaults_2, basic_altar, uniq_frances
D:14:     layout_roguey, hangedman_decor_slide_cut, uniq_jorgrun
D:15:     grunt_enter_depths_snipers, layout_rooms, minivault_4, uniq_louise
Temple:   kilobyte_greek_temple

Skill      XL: |  1  2  3  4  5  6  7  8  9 10 11 12 13 |
---------------+----------------------------------------+-----
Hexes          | 4 5 6 7 8 9 10 11 | 11.3
Stealth        | 5 6 7 9 11 12 14 16 18 19 | 19.0
Spellcasting   | 3 4 6 7 8 9 10 11 | 11.8
Short Blades   | 2 3 4 5 6 7 8 |  8.5
Ice Magic      | 1 2 3 4 5 |  5.0
Dodging        | 4 5 7 9 10 | 10.2
Fighting       | 1 2 |  2.3
Invocations    | 2 4 5 7 8 |  8.0
Transmutations | 2 |  2.0
Earth Magic    | 1 2 |  2.0
Fire Magic     | 2 3 |  3.6
Conjurations   | 2 |  2.0

Action                   |  1- 3 |  4- 6 |  7- 9 | 10-12 | 13-15 || total
-------------------------+-------+-------+-------+-------+-------++-------
Melee: Dagger            |   128 |   112 |   266 |   547 |   191 ||  1244
Throw: Dart              |       |       |       |       |     2 ||     2
 Cast: Corona            |     9 |     6 |    26 |    39 |    34 ||   114
       Ensorcelled Hiber |     2 |    54 |   104 |   119 |    56 ||   335
       Confusing Touch   |       |     1 |    11 |    37 |    23 ||    72
       Tukima's Dance    |       |     1 |     1 |    15 |     6 ||    23
       Dazzling Flash    |       |       |       |    10 |       ||    10
       Passwall          |       |       |       |       |     1 ||     1
Invok: Shadow Step       |       |       |       |       |     1 ||     1
  Use: Potion            |     1 |       |     2 |     3 |     2 ||     8
       Scroll            |       |     1 |    11 |     5 |     5 ||    22
 Stab: Sleeping          |    14 |    46 |    77 |   141 |    41 ||   319
       Distracted        |       |     1 |     1 |     4 |     2 ||     8
       Confused          |       |     3 |    12 |    39 |    25 ||    79
       Invisible         |       |       |       |    11 |       ||    11
  Eat: Ration            |       |     2 |     3 |     4 |     1 ||    10
Armor: Robe              |    14 |    10 |    29 |    12 |       ||    65
       Troll leather arm |       |       |       |    22 |    17 ||    39
Dodge: Dodged            |   118 |   110 |   195 |   302 |    92 ||   817
